 Dungeon Crawl Stone Soup version 0.25-a0-890-g62861fb195 (webtiles) character file.

Game seed: 1327854923761849922, levelgen mode: deterministic

198 Hasart the Insei (level 5, -7/34 HPs)
             Began as an Octopode Transmuter on May 3, 2020.
             Mangled by a worm (11 damage)
             ... on level 4 of the Dungeon.
             The game lasted 00:05:03 (3829 turns).

Hasart the Insei (Octopode Transmuter)              Turns: 3829, Time: 00:05:03

Health: -7/34      AC:  1    Str:  9    XL:     5   Next: 76%
Magic:  9/9        EV: 14    Int: 17    God:
Gold:   148        SH:  0    Dex: 12    Spells: 3/9 levels left

rFire    . . .     SeeInvis .     - Unarmed
rCold    . . .     Gourm    +   (no shield)
rNeg     . . .     Faith    .   (helmet restricted)
rPois    .         Spirit   .   j - amulet of the gourmand
rElec    .         Reflect  .   b - ring of teleportation (curse)
rCorr    .         Harm     .   (no ring)
MR       .....     Rnd*Tele +   (no ring)
Stlth    ++........             (no ring)
HPRegen  0.11/turn              (no ring)
MPRegen  0.11/turn              (no ring)
                                (no ring)
                                (no ring)

@: appendage (expiring)
A: almost no armour, stealthy swim, amphibious, 8 rings, constrict 8, tentacle
spike 3, camouflage 1, gelatinous body 1
a: End Transformation


You were on level 4 of the Dungeon.
You were very full.
One of your tentacles had a temporary spike.
You visited 1 branch of the dungeon, and saw 4 of its levels.

You collected 148 gold pieces.

Inventory:

Missiles
 a - 54 arrows
Jewellery
 b - a cursed ring of teleportation (left tentacle)
 j - an amulet of the gourmand (around mantle)
Wands
 n - a wand of clouds (4)
Scrolls
 g - 3 scrolls of enchant weapon
 i - a scroll of identify
 o - a scroll of teleportation
Potions
 d - 2 potions of lignification
 e - 2 potions of flight {unknown}
 f - a potion of mutation {unknown}
 h - a potion of heal wounds {unknown}
 k - 3 potions of curing
 l - 2 potions of haste {unknown}
 m - a potion of stabbing {unknown}
Comestibles
 c - 9 rations


   Skills:
 + Level 2.1 Fighting
 + Level 2.9 Dodging
 * Level 4.4 Unarmed Combat
 + Level 2.7 Spellcasting
 + Level 2.9 Transmutations


You had 3 spell levels left.
You knew the following spells:

 Your Spells              Type           Power        Failure   Level  Hunger
a - Beastly Appendage     Tmut           ##....       5%          1    #......
b - Sticks to Snakes      Tmut           ##......     9%          2    ##.....
c - Spider Form           Tmut/Pois      #.........   30%         3    ###....

Your spell library contained the following spells:

 Spells                   Type           Power        Failure   Level  Hunger
 Ice Form                 Ice/Tmut       #.......     69%         4    #####..
 Blade Hands              Tmut           ##........   83%         5    ######.


Dungeon Overview and Level Annotations

Branches:
Dungeon (4/15)
 Temple: D:4-7

Altars:
Kikubaaqudgha
Okawaru

Shops:
D:4 :


Innate Abilities, Weirdness & Mutations

You cannot wear most types of armour.
You are very stealthy in the water. (Stealth+)
You are amphibious.
You can wear up to eight rings at the same time.
You can use your tentacles to constrict eight enemies at once.
Your skin changes colour to match your surroundings (Stealth+).
Your rubbery body absorbs attacks. (AC +1, EV +1)
One of your tentacles bears a large vicious spike.


Message History

* * * LOW HITPOINT WARNING * * *
You feel sick.
You feel better.
Your transformation is almost over.
You tentacle-slap the worm. You grab the worm.
The worm is moderately wounded.
You constrict the worm. The worm bites you.
* * * LOW HITPOINT WARNING * * *
You tentacle-slap the worm but do no damage.
You pierce the worm, but do no damage.
You squeeze the worm.
The worm is severely wounded.
You constrict the worm. You tentacle-slap the worm.
The worm is almost dead.
You constrict the worm. The worm bites you.
* * * LOW HITPOINT WARNING * * *
You tentacle-slap the worm but do no damage.
The worm is almost dead.
You constrict the worm. The worm bites you!
You die...

..# ## .... ##.##
..... ...##
#..... ...# #...#
#..## ##..# #...#
##..# #...#
###..##
##...###@w.##
####.........##
#.<....#.....#
#...########...##
#..## #....# .
##...... ##....s#
#######


You could see a worm.

Vanquished Creatures
  A scorpion (D:3)
  A bullfrog skeleton (D:4)
  An orc wizard (D:3)
  3 adders
  2 oozes
  An adder skeleton (D:3)
  2 adder zombies
  3 worms
  A leopard gecko (D:3)
  2 orcs (D:3)
  6 bats
  2 giant cockroaches
  3 goblins
  5 hobgoblins
  3 jackals (D:3)
  2 quokkas (D:3)
  4 frilled lizards
  4 kobolds
  A quokka skeleton (D:3)
  6 rats
53 creatures vanquished.

Notes
Turn   | Place    | Note
-------+----------+-------------------------------------------
     0 | D:1      | Hasart the Octopode Transmuter began the quest for the Orb.
     0 | D:1      | Reached XP level 1. HP: 13/13 MP: 3/3
   255 | D:1      | Reached XP level 2. HP: 18/18 MP: 5/5
   792 | D:2      | Reached XP level 3. HP: 9/23 MP: 6/6
   941 | D:2      | Found an ancient bone altar of Kikubaaqudgha.
  1551 | D:2      | Learned a level 2 spell: Sticks to Snakes
  1555 | D:2      | Learned a level 3 spell: Spider Form
  1753 | D:3      | Reached XP level 4. HP: 21/28 MP: 7/7
  2350 | D:3      | Found a faded altar of an unknown god.
  2642 | D:3      | Found an iron altar of Okawaru.
  2723 | D:3      | Reached skill level 4 in Unarmed Combat
  2723 | D:3      | Reached XP level 5. HP: 22/34 MP: 8/8
  3364 | D:4      | Found Xiwixem's Book Boutique.
  3829 | D:4      | Mangled by a worm

Levels and vault maps discovered:
D:1:      eino_arrival_water_cross, layout_basic, palyth_stone_intersect
D:2:      layout_basic, marbit_many_paths
D:3:      layout_basic, okawaru_gym_becter, serial_undead, serial_undead_a,
          serial_undead_f, serial_undead_a, serial_undead_b,
          chequers_ecumenical_altar_island, minmay_statues_item,
          minmay_misc_feat_iff
D:4:      layout_layer_cave, serial_shops, shop

Skill      XL: |  1  2  3  4  5 |
---------------+----------------+-----
Unarmed Combat | 4 |  4.4
Fighting       | 2 |  2.1
Dodging        | |  2.9
Spellcasting   | |  2.7
Transmutations | |  2.9

Action                   |  1- 3 |  4- 6 || total
-------------------------+-------+-------++-------
Melee: Unarmed           |    69 |    91 ||   160
       Constrict         |    15 |    21 ||    36
       Tentacles         |    10 |    16 ||    26
       Kick              |       |     8 ||     8
       Punch             |       |     1 ||     1
 Cast: Beastly Appendage |       |     4 ||     4
  Use: Scroll            |     4 |     3 ||     7
       Potion            |     1 |     1 ||     2
 Stab: Sleeping          |     5 |     1 ||     6
  Eat: Chunk             |    13 |     5 ||    18
Armor: Skin              |     3 |     6 ||     9
Dodge: Dodged            |    40 |    59 ||    99

Table legend:
 A = Non-vault XP
 B = Vault XP
 C = Vault XP percentage of total XP
 D = Non-vault monster count
 E = Vault monster count
 F = Vault count percentage of total count
                 A         B        C        D         E       F
            +---------+---------+-------+---------+---------+-------
      Total |     275 |       8 |   2.8 |      50 |       3 |   5.7
            +---------+---------+-------+---------+---------+-------
        D:1 |      15 |       0 |   0.0 |      10 |       0 |   0.0
        D:2 |      56 |       1 |   1.8 |      16 |       1 |   5.9
        D:3 |     152 |       7 |   4.4 |      22 |       2 |   8.3
        D:4 |      52 |       0 |   0.0 |       2 |       0 |   0.0
            +---------+---------+-------+---------+---------+-------
